 Dungeon Crawl Stone Soup version 0.26.0-20-g3ca415f5b8 (webtiles) character file.

Game seed: 11435771465253593486

7242 Gnirx the Geomancer (level 11, -1/56 HPs)
             Began as a Gargoyle Earth Elementalist on Jan 25, 2021.
             Was a Believer of Vehumet.
             Killed by the air
             ... invoked by Gastronok
              (26 damage)
             ... on level 10 of the Dungeon.
             The game lasted 00:42:12 (15601 turns).

Gnirx the Geomancer (Gargoyle Earth Elementalist)  Turns: 15601, Time: 00:42:14

Health: -1/56      AC: 14    Str: 12    XL:     11   Next: 12%
Magic:  3/25       EV: 12    Int: 19    God:    Vehumet [**....]
Gold:   814        SH:  3    Dex: 10    Spells: 20/31 levels left

rFire    . . .     SeeInvis .   d - staff of poison
rCold    . . .     Faith    .   H - +0 buckler
rNeg     + . .     Spirit   .   c - +1 robe
rPois    ∞         Reflect  .   y - +1 hat
rElec    +         Harm     .   D - +0 cloak
rCorr    +         Rampage  .   (no gloves)
Will     .....                  f - +0 pair of boots
Stlth    ++........             (no amulet)
HPRegen  0.18/turn              A - ring of resist corrosion
MPRegen  0.19/turn              (no ring)

@: brilliant, slowed, very slow
A: negative energy resistance 1, electricity resistance, unbreathing,
petrification resistance, miasma immunity, AC +8
a: Renounce Religion


You were on level 10 of the Dungeon.
You worshipped Vehumet.
Vehumet was pleased with you.
You visited 3 branches of the dungeon, and saw 12 of its levels.

You collected 814 gold pieces.

Inventory:

Hand Weapons
 a - a +0 flail
 n - a +0 whip
 o - a +1 whip of draining
 w - a +1 whip of flaming
 x - a +0 shortbow
 G - a +1 quarterstaff of speed
Missiles
 b - 251 stones
 i - 103 arrows
Armour
 c - a +1 robe (worn)
 f - a +0 pair of boots (worn)
 m - a +0 helmet
 y - a +1 hat (worn)
 D - a +0 cloak (worn)
 H - a +0 buckler (worn)
Magical Staves
 d - an uncursed staff of poison (weapon)
Jewellery
 A - a ring of resist corrosion (left hand)
 E - an uncursed amulet of guardian spirit
 F - an uncursed amulet of the acrobat
 J - an uncursed amulet of magic regeneration {unknown}
Wands
 r - a wand of flame (12)
 z - a wand of iceblast (14)
Scrolls
 h - a scroll of magic mapping
 l - 3 scrolls of remove curse
 s - a scroll of enchant armour
 t - 2 scrolls of amnesia
 u - 4 scrolls of teleportation
 B - 2 scrolls of fog
 C - 2 scrolls of fear
Potions
 e - 4 potions of curing
 g - 2 potions of degeneration
 j - a potion of heal wounds {unknown}
 k - a potion of might {unknown}
 p - a potion of resistance {unknown}
 q - a potion of brilliance
 v - 4 potions of lignification


   Skills:
 + Level 1.4 Fighting
 + Level 4.1(4.3) Maces & Flails
 + Level 1.2(2.9) Staves
 + Level 2.9 Dodging
 - Level 2.1 Stealth
 + Level 10.5 Spellcasting
 + Level 2.6 Conjurations
 - Level 0.7 Transmutations
 + Level 12.7 Earth Magic


You had 20 spell levels left.
You knew the following spells:

 Your Spells              Type           Power        Failure   Level
a - Sandblast             Erth           100%         1%          1
b - Passwall              Tmut/Erth      43%          1%          2
c - Stone Arrow           Conj/Erth      100%         1%          3
d - Lee's Rapid Deconstr  Erth           36%          1%          5

Your spell library contained the following spells:

 Spells                   Type           Power        Failure   Level
 Searing Ray              Conj           60%          6%          2
 Petrify                  Tmut/Erth      52%          8%          4
 Beastly Appendage        Tmut           38%          9%          1
 Animate Skeleton         Necr           30%          12%         1
 Apportation              Tloc           30%          12%         1
 Corona                   Hex            16%          12%         1
 Summon Small Mammal      Summ           60%          12%         1
 Wereblood                Tmut           19%          13%         2
 Ensorcelled Hibernation  Hex/Ice        30%          19%         2
 Dazzling Flash           Conj/Hex       44%          21%         3
 Spider Form              Tmut/Pois      12%          30%         3
 Confusing Touch          Hex            15%          34%         3
 Tukima's Dance           Hex            15%          34%         3
 Ice Form                 Ice/Tmut       17%          69%         4
 Blade Hands              Tmut           9%           94%         5


Dungeon Overview and Level Annotations

Branches:
Dungeon (10/15)            Temple (1/1) D:7            Lair (1/6) D:10
    Orc (0/2) D:9

Altars:
Dithmenos
Fedhas
Hepliaklqana
Makhleb
Nemelex Xobeh
Okawaru
Qazlal
Sif Muna
Trog
Uskayaw
Vehumet
Wu Jian
Xom
Yredelemnul
Zin
The Shining One

Annotations:
D:9 2 transporters
D:10 Gastronok


Innate Abilities, Weirdness & Mutations

You are resistant to torment.
Your stone body is resilient. (AC +8)
You are immune to poison.
You resist negative energy. (rN+)
You are resistant to electric shocks. (rElec)
You can survive without breathing.
You are immune to petrification.
You are immune to miasma.


Message History

The bat hits you but does no damage.
You hit Gastronok but do no damage.
Gastronok is severely wounded.
The bat hits you but does no damage. You block the bat's attack.
The quokka bites you. Gastronok bites you but does no damage.
The bat misses you.
The quokka bites you but does no damage.
You hit Gastronok.
Gastronok is severely wounded.
The bat misses you. The bat hits you but does no damage.
The bat barely misses you. The quokka barely misses you.
Gastronok's eyestalks quiver as he mumbles some strange words.
Gastronok puts on a burst of speed!
The quokka closely misses you.
You hit Gastronok but do no damage.
Gastronok is severely wounded.
The bat hits you but does no damage. x2; You block the quokka's attack.
The bat misses you.
Gastronok waves his eye-stalks in wide circles.
The air twists around and strikes you!!
You die...

...#.# ###.....#.......##...
####.# ###....P..........##...
.....# ##...........[(.......#.
.##### #........[.....<...####.
.# ##............#####...... .#
#..............# #.##### .#
#.....####.....## #.#..## .#
##....rbrb#......# #.)..## .#
#......#w@#......# #...... .#
#......####......###...... .#
##.........................
.######..#............#####......
......................#####......
###########..........##..........
###......####.###......
#############.##..#####.# #......
........#.....###.......# #......


You could see Gastronok (swift), 2 quokkas and 2 bats.

Vanquished Creatures
  Erica (D:8)
  A two-headed ogre (D:9)
  A cane toad (Lair:1)
  Prince Ribbit (D:8)
  3 trolls
  A wraith (D:9)
  A yak (D:9)
  A black bear (D:10)
  3 ice beasts
  A sky beast (D:6)
  A phantom (D:10)
  5 orc warriors
  4 centaurs
  4 ogres
  A big kobold (D:10)
  6 bullfrogs
  A scorpion (D:7)
  A wyvern skeleton (D:8)
  12 killer bees
  A howler monkey (D:7)
  2 bullfrog zombies
  3 hounds
  3 jellies
  A bullfrog skeleton (D:5)
  A centaur skeleton (D:5)
  3 orc priests
  9 orc wizards
  An iguana (D:5)
  Natasha (thrice) (D:2)
  12 worker ants
  A hound skeleton (D:9)
  2 worker ant zombies
  Robin (D:2)
  5 gnolls
  13 adders
  A river rat (D:3)
  2 white imps
  6 ufetubi
  2 adder zombies
  An ooze (D:4)
  An adder skeleton (D:5)
  4 worms
  4 dart slugs
  8 leopard geckos
  28 orcs
  7 bats
  7 giant cockroaches
  16 goblins
  4 hobgoblins
  4 jackals (D:1)
  6 quokkas
  7 frilled lizards
  2 jackal skeletons
  A jackal zombie (D:7)
  15 kobolds
  A leopard gecko zombie (D:8)
  A quokka skeleton (D:8)
  9 rats
247 creatures vanquished.

Vanquished Creatures (others)
  Maurice (D:8)
  21 fungi
  22 plants (D:10)
44 creatures vanquished.

Grand Total: 291 creatures vanquished

Notes
Turn   | Place    | Note
-------+----------+-------------------------------------------
     0 | D:1      | Gnirx the Gargoyle Earth Elementalist began the quest for
                  | the Orb.
     0 | D:1      | Reached XP level 1. HP: 10/10 MP: 3/3
   213 | D:1      | Reached skill level 4 in Earth Magic
   239 | D:1      | Reached XP level 2. HP: 13/15 MP: 5/5
   923 | D:1      | Reached XP level 3. HP: 19/19 MP: 3/6
  1047 | D:2      | Noticed Robin
  1448 | D:2      | Noticed Natasha
  1452 | D:2      | Killed Natasha
  1453 | D:2      | Reached skill level 5 in Earth Magic
  1453 | D:2      | Reached XP level 4. HP: 24/24 MP: 4/8
  1538 | D:2      | Learned a level 2 spell: Passwall
  1542 | D:2      | Learned a level 3 spell: Stone Arrow
  2296 | D:2      | Noticed Natasha
  2308 | D:2      | Killed Natasha
  2309 | D:2      | Reached XP level 5. HP: 13/28 MP: 5/10
  2463 | D:2      | Killed Robin
  2539 | D:2      | Noticed an ogre
  2563 | D:2      | Killed an ogre
  2564 | D:2      | Reached skill level 6 in Earth Magic
  2564 | D:2      | Reached XP level 6. HP: 23/32 MP: 9/12
  3052 | D:2      | Reached skill level 1 in Maces & Flails
  3960 | D:2      | Noticed Natasha
  3971 | D:2      | Killed Natasha
  5194 | D:4      | Reached XP level 7. HP: 36/36 MP: 12/14
  5225 | D:4      | Found Xawonu's General Store.
  5345 | D:4      | Reached skill level 5 in Spellcasting
  5555 | D:4      | Reached skill level 7 in Earth Magic
  5861 | D:4      | You fall into a shaft and drop 2 floors!
  5995 | D:6      | Found a shimmering blue altar of Sif Muna.
  5999 | D:5      | Entered Level 5 of the Dungeon
  7118 | D:5      | Reached XP level 8. HP: 36/41 MP: 13/16
  7229 | D:5      | Reached skill level 8 in Earth Magic
  8248 | D:6      | Reached skill level 9 in Earth Magic
  8280 | D:6      | Reached XP level 9. HP: 43/45 MP: 17/19
  8522 | D:6      | Learned a level 5 spell: Lee's Rapid Deconstruction
  8739 | D:6      | Found a shimmering altar of Xom.
  8754 | D:6      | Found a hazy altar of Hepliaklqana.
  8764 | D:6      | Found an iron altar of Okawaru.
  9596 | D:7      | Reached skill level 10 in Earth Magic
  9909 | D:7      | Found a staircase to the Ecumenical Temple.
  9923 | Temple   | Entered the Ecumenical Temple
  9964 | Temple   | Became a worshipper of Vehumet
 10336 | D:8      | Noticed Maurice
 10349 | D:8      | Killed Maurice
 11076 | D:8      | Noticed Prince Ribbit
 11084 | D:8      | Killed Prince Ribbit
 11085 | D:8      | Reached skill level 11 in Earth Magic
 11085 | D:8      | Reached XP level 10. HP: 46/50 MP: 17/23
 11399 | D:8      | Noticed Erica
 11434 | D:8      | Killed Erica
 12104 | D:9      | Found a transporter.
 12136 | D:9      | Reached * piety under Vehumet
 12136 | D:9      | Offered knowledge of Freeze by Vehumet.
 12145 | D:9      | Found a staircase to the Orcish Mines.
 12439 | D:9      | Found a transporter.
 12534 | D:9      | Reached skill level 12 in Earth Magic
 12741 | D:9      | Reached skill level 10 in Spellcasting
 13023 | D:9      | Noticed a two-headed ogre
 13036 | D:9      | Killed a two-headed ogre
 13037 | D:9      | Reached skill level 1 in Fighting
 13037 | D:9      | Reached skill level 1 in Staves
 13037 | D:9      | Reached skill level 1 in Conjurations
 13406 | D:10     | Entered Level 10 of the Dungeon
 14106 | D:10     | Offered knowledge of Searing Ray by Vehumet.
 14113 | D:9      | Reached ** piety under Vehumet
 14342 | D:10     | Reached XP level 11. HP: 54/56 MP: 18/25
 14887 | D:10     | Found a staircase to the Lair.
 15531 | Lair:1   | Entered Level 1 of the Lair of Beasts
 15531 | Lair:1   | Noticed Gastronok
 15601 | D:10     | Killed from afar by Gastronok

Illustrated notes

Levels and vault maps discovered:
D:1:      heliophobic_arrival_battle_scene, layout_rooms
D:2:      lemuel_upstairs_altar, layout_basic, uniq_natasha, uniq_robin
D:3:      layout_rooms, lightli_sewer_entry_pipes, minmay_door_square,
          moated_statue, minmay_fractal_squares_5
D:4:      layout_basic, serial_shops, shop
D:5:      corexii_shack_village, layout_loops_corners, minmay_chambers_of_fives
D:6:      layout_basic, nicolae_overflow_quartered_altars
D:7:      layout_cave_pools, minmay_temple_entry_mist
D:8:      layout_layer_cave, grunt_decor_mini_mirrors, bh_walls_and_bars,
          uniq_erica, uniq_maurice, uniq_prince_ribbit1
D:9:      gammafunk_jiyva_shrine, layout_gridville, david_orc_2
D:10:     layout_basic, grunt_lair_entry_orc_guard_hut,
          kennysheep_generic_room_13
Temple:   compressed_dpeg_circular_temple
Lair:1:   layout_layer_cave, serial_bayou_shore_b, grunt_megastairs_2,
          serial_bayou_shore_a, uniq_gastronok

Skill      XL: |  1  2  3  4  5  6  7  8  9 10 |
---------------+-------------------------------+-----
Earth Magic    | 4 5 6 7 9 11 12 | 12.7
Spellcasting   | 3 4 5 7 9 10 | 10.5
Maces & Flails | 1 2 3 4 |  4.1
Fighting       | 1 |  1.4
Staves         | 1 |  1.2
Dodging        | 2 |  2.9
Conjurations   | 2 |  2.6
Stealth        | |  2.1
Transmutations | |  0.7

Action                   |  1- 3 |  4- 6 |  7- 9 | 10-12 || total
-------------------------+-------+-------+-------+-------++-------
Melee: Unarmed           |    78 |    42 |       |       ||   120
       Whip              |       |   186 |     5 |       ||   191
       Flail             |       |       |    97 |    15 ||   112
       Quarterstaff      |       |       |       |    32 ||    32
       Staff             |       |       |       |    19 ||    19
 Cast: Sandblast         |    29 |    48 |   147 |    24 ||   248
       Stone Arrow       |       |       |       |   117 ||   117
  Use: Scroll            |     3 |     6 |     8 |     5 ||    22
       Potion            |       |       |       |     3 ||     3
 Stab: Sleeping          |       |     2 |       |       ||     2
Armor: Robe              |    61 |   110 |    75 |    97 ||   343
       Skin              |       |       |       |    12 ||    12
Dodge: Dodged            |    96 |   175 |   117 |   118 ||   506
Block: Buckler           |       |       |       |    14 ||    14
